 Dungeon Crawl Stone Soup version 0.30.0-29-ga12c61a403 (webtiles) character file.

Game seed: 12613939690809954417

67 ChadusMaximus the Caller (level 4, -3/30 HPs)
             Began as a Human Summoner on June 9, 2023.
             Slain by a gnoll
             ... wielding a +0 spear
              (9 damage)
             ... on level 2 of the Dungeon.
             The game lasted 00:03:20 (1989 turns).

ChadusMaximus the Caller (Human Summoner)           Turns: 1989, Time: 00:03:21

Health: -3/30      AC:  2    Str:  9    XL:     4   Next: 40%
Magic:  7/7        EV: 12    Int: 17    God:
Gold:   92         SH:  0    Dex: 13    Spells: 2/8 levels left

rFire   . . .        m - +2 flail (heavy)
rCold   . . .        (no shield)
rNeg    . . .        a - +0 robe
rPois   .            (no helmet)
rElec   .            (no cloak)
rCorr   .            (no gloves)
SInv    .            (no boots)
Will    .....        j - amulet of the acrobat
Stlth   ++           (no ring)
HPRegen 0.25/turn    (no ring)
MPRegen 0.10/turn

%: acrobat
@: no status effects
A: no striking features
a: no special abilities


You were on level 2 of the Dungeon.
You visited 1 branch of the dungeon, and saw 2 of its levels.

You collected 92 gold pieces.

Inventory:

Hand Weapons
 c - a +0 dagger
 m - a +2 heavy flail (weapon)
Armour
 a - a +0 robe (worn)
Jewellery
 j - an amulet of the acrobat (around neck)
Scrolls
 d - 2 scrolls of enchant armour {unknown}
 e - a scroll of vulnerability {unknown}
 f - a scroll of noise {unknown}
 g - a scroll of poison {unknown}
 k - a scroll of summoning {unknown}
 l - a scroll of identify {unknown}
 n - a scroll of teleportation {unknown}
Potions
 b - a potion of magic
 h - a potion of curing {unknown}
 i - a potion of flight {unknown}


   Skills:
 + Level 2.7 Dodging
 + Level 2.8 Stealth
 + Level 2.6 Spellcasting
 + Level 4.4 Summonings


You had 2 spell levels left.
You knew the following spells:

 Your Spells              Type           Power      Damage    Failure   Level
a - Summon Small Mammal   Summ           68%        N/A       3%          1
b - Call Imp              Summ           34%        N/A       4%          2
c - Call Canine Familiar  Summ           17%        N/A       9%          3

Your spell library contained the following spells:

 Spells                   Type           Power      Damage    Failure   Level
 Ensorcelled Hibernation  Hex/Ice        4%         N/A       28%         2
 Passwall                 Tmut/Erth      1%         N/A       28%         2
 Summon Guardian Golem    Hex/Summ       9%         N/A       22%         3
 Swiftness                Air            2%         N/A       50%         3
 Summon Lightning Spire   Summ/Air       9%         N/A       58%         4


Dungeon Overview and Level Annotations

Branches:
Dungeon (2/15)

Altars:


Message History

You feel ready to tumble and roll out of harm's way.
j - an amulet of the acrobat (around neck) Magic restored.
You swap places.
Your rat disappears in a puff of smoke!
There is an escape hatch in the ceiling here.
n - a scroll labelled UPAEJE HAENGOV No target in view!
You see here a frilled lizard skeleton.
No target in view!
No target in view!
The gnoll shouts!
You sock the gnoll!
The gnoll is severely wounded.
The gnoll hits you with a +0 flail! The gnoll closely misses you.
You barely miss the gnoll. Your punch misses the gnoll.
The gnoll is severely wounded.
The gnoll hits you with a +0 flail. The gnoll barely misses you.
You sock the gnoll!
You kill the gnoll!
No target in view!
HP restored.
You see here a +0 flail.
You now have 92 gold pieces (gained 10).
A gnoll is nearby!
You barely miss the gnoll.
The gnoll shouts!
The gnoll barely misses you. x2
You barely miss the gnoll. The gnoll hits you with a +0 spear. x2
You barely miss the gnoll. The gnoll hits you with a +0 spear. x2
You are too injured to fight recklessly!
You are too injured to fight recklessly!
You are too injured to fight recklessly!
Unknown command.
You hit the gnoll.
The gnoll is lightly wounded.
The gnoll hits you with a +0 spear!
* * * LOW HITPOINT WARNING * * *
The gnoll hits you with a +0 spear!
You die...

########## ### #####
#........#
..###...######.######.########
.................g###.#..)....
..###...###.....@....)........
.## ##### #.##.##.###.#.#####.
.# #.##.##.# #.#.# .#
#######.##.##.# #.#.#
.####.......##.##.# #.#.#
...##.########.##.# #.#.#
##.##.# #.##.###.#.. ))(##.##
#.....>..### .####..#
####.#####


You could see a gnoll.

Vanquished Creatures
  A gnoll (D:2)
  An adder (D:2)
  3 dart slugs
  2 endoplasms (D:1)
  A giant cockroach (D:1)
  A goblin (D:1)
  2 quokkas (D:2)
  2 ball pythons (D:1)
  2 bats
  2 frilled lizards
  3 rats (D:1)
20 creatures vanquished.

Vanquished Creatures (collateral kills)
  A gnoll (D:2)
  A dart slug (D:1)
  2 bats (D:1)
  A hobgoblin (D:1)
  A kobold (D:1)
  2 quokkas (D:1)
  2 frilled lizards (D:2)
  A goblin (D:1)
  A rat (D:1)
12 creatures vanquished.

Grand Total: 32 creatures vanquished

Notes
Turn   | Place    | Note
-------+----------+-------------------------------------------
     0 | D:1      | ChadusMaximus the Human Summoner began the quest for the
                  | Orb.
     0 | D:1      | Reached XP level 1. HP: 13/13 MP: 3/3
   143 | D:1      | Reached XP level 2. HP: 10/19 MP: 3/5
   560 | D:1      | Reached XP level 3. HP: 9/24 MP: 3/6
  1626 | D:2      | Reached XP level 4. HP: 13/30 MP: 3/7
  1757 | D:2      | Learned a level 2 spell: Call Imp
  1761 | D:2      | Learned a level 3 spell: Call Canine Familiar
  1989 | D:2      | Slain by a gnoll

Illustrated notes

Levels and vault maps discovered:
D:1:      roderic_crossed_star, layout_basic, chequers_big_river
D:2:      layout_loops_ring

Action                     |  1- 3 |  4- 6 || total
---------------------------+-------+-------++-------
  Melee: Unarmed           |    25 |       ||    25
         Dagger            |   110 |       ||   110
         Flail             |       |     7 ||     7
   Cast: Summon Small Mamm |    28 |     2 ||    30
   Stab: Sleeping          |     4 |       ||     4
 Armour: Robe              |    27 |       ||    27
  Dodge: Dodged            |   119 |     4 ||   123
